 Dungeon Crawl Stone Soup version 0.31.0-4-g52a2dc7128 (console) character file.

Game seed: 2589109427009860100

1876 AlterAsc the Changeling (level 9, 0/61 HPs)
             Began as an Octopode Shapeshifter on Jan 21, 2024.
             Was a Follower of Okawaru.
             Slain by a wyvern (18 damage)
             ... on level 7 of the Dungeon.
             The game lasted 00:20:54 (6364 turns).

AlterAsc the Changeling (Octopode Shapeshifter)     Turns: 6364, Time: 00:20:55

Health: 0/61       AC:  1    Str: 15    XL:     9   Next: 14%
Magic:  9/9        EV: 19    Int: 12    God:    Okawaru [*.....]
Gold:   423        SH:  0    Dex: 16    Spells: 8/8 levels left

rFire   . .          .
                       - Unarmed
rCold   . . .        (shield currently unavailable)
rNeg    + . .        (helmet restricted)
rPois   .            w - amulet of regeneration
rElec   +            f - ring of see invisible
rCorr   .            D - ring "Soufir" {rElec rN+ Str+2}
SInv    +            (no ring)
Will    .....        (no ring)
Stlth   +            (no ring)
HPRegen 1.10/turn    (no ring)
MPRegen 0.11/turn    (no ring)
                     (no ring)

%: no passive effects
@: about to teleport, flux-form, glowing, studying Fighting
A: glow, contaminating, almost no armour, amphibious, 8 rings, camouflage 1,
gelatinous body 1, (nimble swimmer 1), tentacles
a: Begin Untransformation, Renounce Religion, Heroism


You were on level 7 of the Dungeon.
You worshipped Okawaru.
Okawaru was aware of your devotion.
You were something dangerously unstable.
You visited 2 branches of the dungeon, and saw 8 of its levels.
You also visited: Ossuary.

You collected 423 gold pieces.

Inventory:

Hand Weapons
 k - a +0 club
 C - a +0 dagger
Missiles
 d - 4 atropa-tipped darts (quivered)
Jewellery
 f - a ring of see invisible (left tentacle)
 l - a ring of ice
 w - an amulet of regeneration (around mantle)
 z - an amulet of reflection
 B - an amulet of faith
 D - the ring "Soufir" (right tentacle) {rElec rN+ Str+2}
   (You acquired it on level 7 of the Dungeon)

   [ring of positive energy]

   Str+2:     It affects your strength (+2).
   rElec:     It insulates you from electricity.
   rN+:       It protects you from negative energy.
Talismans
 b - a beast talisman
 c - a flux talisman (active)
Wands
 m - a wand of flame (11)
 A - a wand of paralysis (6)
Scrolls
 e - 5 scrolls of teleportation
 h - a scroll of fear {unknown}
 n - a scroll of amnesia {unknown}
 q - 4 scrolls of vulnerability
 r - 2 scrolls of enchant armour
 s - a scroll of fog {unknown}
 x - a scroll of revelation {unknown}
 y - a scroll of enchant weapon {unknown}
Potions
 a - 2 potions of lignification
 g - a potion of magic {unknown}
 i - 3 potions of degeneration
 j - 3 potions of haste
 o - 2 potions of curing
 p - a potion of might {unknown}
 t - 3 potions of mutation
 u - 2 potions of attraction
 v - a potion of berserk rage {unknown}


   Skills:
 + Level 5.4 Fighting
 + Level 5.2 Dodging
 * Level 6.3 Unarmed Combat
 + Level 7.4 Shapeshifting


You had 8 spell levels left.
You didn't know any spells.
Your spell library contained the following spells:

 Spells                   Type           Power      Damage    Failure   Level
 Ensorcelled Hibernation  Hex/Ice        0%         N/A       45%         2
 Fugue of the Fallen      Necr           0%         N/A       69%         3
 Anguish                  Hex/Necr       0%         N/A       97%         4


Dungeon Overview and Level Annotations

Branches:
Dungeon (7/15)             Temple (1/1) D:4         Ossuary (visited)

Altars:
Ashenzari
Cheibriados
Dithmenos
Fedhas
Gozag
Hepliaklqana
Kikubaaqudgha
Makhleb
Nemelex Xobeh
Okawaru
Qazlal
Ru
Trog
Uskayaw
Vehumet
Wu Jian
Yredelemnul
Zin
The Shining One

Shops:
D:1 ?

Annotations:
D:2 Sigmund
D:4 1 runed translucent door, Crazy Yiuf
D:7 exclusion: upstairs, Jeremiah, Menkaure


Innate Abilities, Weirdness & Mutations

You are something dangerously unstable.
You glow with magical radiation, making you easy to see and hit.
Foes you strike become dangerously contaminated with magical radiation.
You are incapable of wielding weapons or throwing items.
You cannot wear most types of armour.
You are amphibious.
You can wear up to eight rings at the same time.
Your skin changes colour to match your surroundings (Stealth+).
Your rubbery body absorbs attacks. (AC +1, EV +1)
((You are camouflaged when in or above water. (Stealth+)))
You have tentacles for arms and can constrict up to eight enemies at once.


Message History

You constrict the gnoll bouda. The gnoll bouda closely misses you.
The gnoll hits you from afar with a +0 spear.
You tentacle-slap the gnoll bouda.
The gnoll bouda shudders as magic cascades through it!!
You kill the gnoll bouda!
Okawaru accepts your kill. The gnoll closely misses you.
You tentacle-slap the gnoll.
The gnoll begins to glow.
You grab the gnoll.
The gnoll is lightly wounded.
Your attacks no longer feel as feeble.
You constrict the gnoll. The gnoll completely misses you.
You tentacle-slap the gnoll.
The gnoll glows dangerously bright.
The gnoll is severely wounded.
You constrict the gnoll.
The gnoll struggles to escape constriction.
You tentacle-slap the gnoll.
You kill the gnoll!
Okawaru accepts your kill.
You tentacle-slap the wyvern.
The wyvern begins to glow.
You squeeze the wyvern.
The wyvern is moderately wounded.
The wyvern bites you but does no damage.
Menkaure calls on the powers of darkness!
Your body is wracked with pain!
The wyvern bites you!
The gnoll is no longer moving quickly.
Okay, then.
As you read the scroll of teleportation, it crumbles to dust.
You feel strangely unstable. The wyvern bites you!
* * * LOW HITPOINT WARNING * * *
The wyvern misses you.
Okay, then.
You feel better.
The gnoll is no longer moving quickly. x2
Menkaure calls on the powers of darkness!
Your body is wracked with pain!
* * * LOW HITPOINT WARNING * * *
The wyvern convulses!
The gnoll convulses!
The orc convulses!
The gnoll convulses!
The wyvern bites you!
* * * LOW HITPOINT WARNING * * *
You feel better.
The gnoll is no longer moving quickly.
The wyvern barely misses you. Menkaure misses you. The wyvern misses you.
You feel better. The wyvern bites you!!
You die... ...# ...# # ...##.. ..... ......# M.... ..... .... g.. ...## ###g# #..# #ggo#

##.###k### #.###...Mp)#
.... #.......####
......#...##.)##
..........##...#####
......)............##...
......................#
.......#.........###.##
..# #............#
..##...#.........# ##
.....# #.........### .#
....#..............##.###.


You could see a wyvern (contam), Menkaure, 4 gnolls and an orc.

Vanquished Creatures
  A wyvern (D:5)
  An ice beast (D:6)
  A sky beast (D:7)
  A black bear (D:5)
  A centaur (D:5)
  2 bullfrogs
  2 scorpions
  4 killer bees (D:7)
  6 hounds
  2 human zombies (Ossuary)
  A jelly (D:6)
  3 bombardier beetles
  A gnoll bouda (D:7)
  2 orc priests
  An iguana (D:5)
  3 orc wizards
  A hound zombie (Ossuary)
  4 mummies (Ossuary)
  4 gnolls
  14 adders
  A shadow imp (D:6)
  A white imp (D:7)
  An adder zombie (Ossuary)
  2 dart slugs
  2 ribbon worms
  29 orcs
  9 ball pythons
  2 endoplasms (D:4)
  5 giant cockroaches
  13 hobgoblins
  2 jackals (D:1)
  5 quokkas
  8 bats
  6 frilled lizards
  9 goblins
  A goblin zombie (Ossuary)
  2 hobgoblin zombies (Ossuary)
  3 jackal zombies (Ossuary)
  7 kobolds
  An orc zombie (Ossuary)
  2 rats
  A rat zombie (Ossuary)
167 creatures vanquished.

Notes
Turn   | Place    | Note
-------+----------+-------------------------------------------
     0 | D:1      | AlterAsc the Octopode Shapeshifter began the quest for the
                  | Orb.
     0 | D:1      | Reached XP level 1. HP: 13/13 MP: 1/1
   142 | D:1      | Reached XP level 2. HP: 18/18 MP: 2/2
   341 | D:1      | Reached XP level 3. HP: 23/23 MP: 3/3
   480 | D:1      | Reached skill level 4 in Shapeshifting
   845 | D:1      | Found a faded altar of an unknown god.
   893 | D:1      | Found Xiecasoe's Magic Scroll Boutique.
  1162 | D:2      | Reached XP level 4. HP: 15/28 MP: 4/4
  1401 | D:2      | Noticed Sigmund
  1540 | D:3      | Reached skill level 5 in Shapeshifting
  1575 | D:3      | Reached XP level 5. HP: 25/33 MP: 5/5
  1667 | D:3      | Identified the +4 chain mail of Elyvilon's Whim {rPois
                  | Dex+3}
  1827 | D:3      | Found a blossoming altar of Fedhas.
  2132 | D:3      | Found a snail-covered altar of Cheibriados.
  2170 | D:3      | Reached skill level 6 in Shapeshifting
  2252 | D:3      | Reached XP level 6. HP: 38/38 MP: 6/6
  2605 | D:4      | Found a basalt altar of Yredelemnul.
  2640 | D:4      | Found a sand-covered staircase.
  2719 | Ossuary  | Entered an ossuary
  2753 | Ossuary  | Reached skill level 7 in Shapeshifting
  2766 | Ossuary  | Reached XP level 7. HP: 35/43 MP: 7/7
  3040 | D:4      | Found a runed translucent door.
  3041 | D:4      | Noticed Crazy Yiuf
  3078 | D:4      | Found a staircase to the Ecumenical Temple.
  3089 | Temple   | Entered the Ecumenical Temple
  3099 | Temple   | Became a worshipper of Warmaster Okawaru
  3488 | D:5      | Entered Level 5 of the Dungeon
  3856 | D:5      | Reached * piety under Okawaru
  3908 | D:5      | Found a radiant altar of Vehumet.
  3944 | D:5      | Reached XP level 8. HP: 47/52 MP: 8/8
  4043 | D:5      | Noticed a wyvern
  4053 | D:5      | Killed a wyvern
  4862 | D:6      | Reached skill level 5 in Unarmed Combat
  5200 | D:6      | Found a sacrificial altar of Ru.
  5267 | D:6      | Found a sparkling altar of Nemelex Xobeh.
  5512 | D:7      | Noticed Jeremiah
  5573 | D:7      | Identified 2 scrolls of acquirement
  5574 | D:7      | Acquired the ring "Soufir" {rElec rN+ Str+2}
  5577 | D:7      | Acquired a manual of Fighting
  5689 | D:7      | Reached skill level 5 in Fighting
  5693 | D:7      | Reached skill level 5 in Dodging
  5693 | D:7      | Reached XP level 9. HP: 61/61 MP: 9/9
  5715 | D:7      | Found a glowing golden altar of the Shining One.
  5784 | D:7      | Reached ** piety under Okawaru
  6350 | D:7      | Noticed Menkaure
  6364 | D:7      | Slain by a wyvern

Illustrated notes

Levels and vault maps discovered:
D:1:      tarquinn_simple_flora_water_c, layout_loops_ring,
          shapermc_ecumenical_altar_mp_vishouse, serial_shops,
          nicolae_shop_rolled_up
D:2:      layout_basic, dreamdust_princess_bridge, uniq_sigmund
D:3:      minmay_bubble_buster, layout_basic, slow_altar_1,
          mainiacjoe_overflow_boulevard, nicolae_figureground_pulse
D:4:      layout_basic, nicolae_overflow_crystal_walls,
          minmay_temple_entry_glassed_door, enter_ossuary_1,
          uniq_crazy_yiuf_cottage
D:5:      layout_basic, mainiacjoe_overflow_alcove_1, minivault_19
D:6:      layout_layer_cave, nicolae_ru_sacrificial_ziggurat,
          nemelex_diamond_rough_becter
D:7:      layout_rooms, mainiacjoe_overflow_24_doors, uniq_menkaure,
          uniq_jeremiah
Temple:   nicolae_temple_bog_church

Skill      XL: |  1  2  3  4  5  6  7  8 |
---------------+-------------------------+-----
Shapeshifting  | 4 5 6 7 |  7.4
Fighting       | 3 5 |  5.4
Dodging        | 3 5 |  5.2
Unarmed Combat | 4 6 |  6.3

Action                     |  1- 3 |  4- 6 |  7- 9 || total
---------------------------+-------+-------+-------++-------
  Melee: Unarmed           |    65 |   147 |   205 ||   417
         Constrict         |    18 |    44 |    55 ||   117
         Tentacles         |    10 |    29 |    64 ||   103
         Punch             |     3 |     2 |       ||     5
  Throw: Dart              |     1 |     4 |       ||     5
 Invoke: Heroism           |       |       |     1 ||     1
    Use: Scroll            |       |       |    12 ||    12
         Potion            |       |       |     3 ||     3
   Stab: Sleeping          |     5 |     8 |       ||    13
         Invisible         |       |     1 |       ||     1
 Armour: Skin              |    21 |    50 |    81 ||   152
  Dodge: Dodged            |    31 |   117 |   149 ||   297
   Form: Flux              |       |     1 |       ||     1
